 Dungeon Crawl Stone Soup version 0.17.1-1-g73c8601 (webtiles) character file.

2889 Goblin1989 the Martial Artist (level 9, -3/41 HPs)
             Began as a Vine Stalker Monk on Dec 31, 2015.
             Was an Elder of Makhleb.
             Slain by a wolf (5 damage)
             ... on level 8 of the Dungeon.
             The game lasted 00:24:51 (6019 turns).

Goblin1989 the Martial Artist (Vine Stalker Monk)   Turns: 6019, Time: 00:24:51

Health: -3/41      AC:  7    Str: 15    XL:     9   Next: 77%
Magic:  0/13       EV: 12    Int: 13    God:    Makhleb [****..]
Gold:   98         SH:  0    Dex: 22    Spells: 0 memorised, 8 levels left

rFire  + . .     SeeInvis .       - Unarmed
rCold  x . .     Clarity  .     d - +0 ring mail
rNeg   . . .     SustAt   .     (no shield)
rPois  +         Gourm    .     t - +0 helmet
rElec  .         Spirit   +     p - +0 cloak
rCorr  .         Warding  .     (no gloves)
rMut   .         Stasis   .     (no boots)
MR     +....                    (no amulet)
Stlth  +++++.....               (no ring)
                                B - ring "Wushrarph" {Fire rPois Dex+4 Slay+2 Stlth+}

@: somewhat resistant to hostile enchantments, quite stealthy
A: fangs 3, agile 1, blink, frail 1, sense surroundings 1, regeneration 2, magic
shield, antimagic bite, no device heal 3, rot immunity
a: Blink, Minor Destruction, Lesser Servant of Makhleb, Major Destruction,
Renounce Religion


You were on level 8 of the Dungeon.
You worshipped Makhleb.
Makhleb was greatly pleased with you.
You were very hungry.

You visited 2 branches of the dungeon, and saw 9 of its levels.

You collected 286 gold pieces.
You spent 188 gold pieces at shops.

Inventory:

Armour
 d - a +0 ring mail (worn)
 p - a +0 cloak (worn)
 t - a +0 helmet (worn)
Jewellery
 B - the ring "Wushrarph" (left hand) {Fire rPois Dex+4 Slay+2 Stlth+}
   (You found it on level 6 of the Dungeon)

   [ring of fire]

   It enhances your fire magic, and weakens your ice magic.
   It affects your dexterity (+4).
   It affects your accuracy and damage with ranged weapons and melee attacks
   (+2).
   It protects you from fire.
   It makes you vulnerable to cold.
   It protects you from poison.
   It makes you more stealthy.
Wands
 y - a wand of lightning (8)
 G - a wand of frost (28)
Scrolls
 e - a scroll of immolation {unknown}
 f - 3 scrolls of identify {unknown}
 g - 2 scrolls of recharging {unknown}
 j - 2 scrolls of enchant armour {unknown}
 k - a scroll of noise {unknown}
 l - 2 scrolls of fear {unknown}
 n - 7 scrolls of teleportation {unknown}
 o - 2 scrolls of remove curse {unknown}
 q - 3 scrolls of amnesia {unknown}
 r - 3 scrolls of enchant weapon {unknown}
Potions
 h - a potion of magic {unknown}
 i - 3 potions of agility {unknown}
 m - a potion of heal wounds {unknown}
 v - a potion of flight {unknown}
 w - 4 potions of curing
 x - a potion of beneficial mutation {unknown}
 z - 2 potions of cancellation
 A - a potion of resistance {unknown}
 C - 3 potions of invisibility {unknown}
 D - a potion of might
 E - a potion of lignification
Comestibles
 a - 2 meat rations
 b - 6 bread rations
 c - 9 slices of pizza
 s - 3 beef jerkies
 u - 8 fruits


   Skills:
 * Level 4.9 Fighting
 + Level 2.5 Dodging
 - Level 9.0 Stealth
 + Level 10.3 Unarmed Combat
 - Level 4.0 Invocations


You had 8 spell levels left.
You didn't know any spells.

Dungeon Overview and Level Annotations

Branches:
Dungeon (8/15)             Temple (1/1) D:4
   Lair: D:8-11

Altars:
Ashenzari
Cheibriados
Dithmenos
Elyvilon
Fedhas
Gozag
Kikubaaqudgha
Makhleb
Nemelex Xobeh
Okawaru
Qazlal
Ru
Sif Muna
Trog
Vehumet
Xom
Yredelemnul
Zin
The Shining One

Shops:
D:7 !!}!(

Annotations:
D:4 bollicks1999's ghost, amateur DrBe
D:6 exclusion: statue


Innate Abilities, Weirdness & Mutations

You have razor-sharp teeth.
You heal very quickly.
When hurt, damage is shared between your health and your magic reserves.
Your bite disrupts and absorbs the magic of your enemies.
Potions and wands cannot restore your health.
You are immune to rotting.
You are agile. (Dex +2)
You can translocate small distances at will.
You are frail (-10% HP).
You passively map a small area around you.


Message History

The hound barks!
The troll barely misses you.
An electric eel comes into view.
You enter the shallow water.
Moving in this stuff is going to be slow.
The troll bites you! The troll closely misses you.
The troll claws you but does no damage. The hound bites you but does no damage.
Found 6 stones.
The wolf bites you! The wolf bites you!
* * * LOW HITPOINT WARNING * * *
The wolf bites you but does no damage.
A demon appears!
You feel slightly more hungry. The wolf bites you but does no damage.
The wolf bites you.
* * * LOW HITPOINT WARNING * * *
The wolf bites you.
* * * LOW HITPOINT WARNING * * *
The hound completely misses you. The wolf bites you.
You die...

,,, * ##'### .# #.# *
#.# ,* * #####.##* , # .
#......# , .. ,,
..,####'#########* #.# *
* ,
...#............###...#
..........##..4.......##
≈..≈.≈.≈..##...h@.......
≈≈≈..≈....##.(.hh..#..##
* ≈≈≈.≈≈≈...##...h...+
≈≈.≈≈≈≈...##T......# ,
..≈≈≈≈≈≈....h......# ,
≈.≈≈≈≈≈≈...#########
...........# *
≈.≈≈≈≈≈≈...# ,
.≈≈≈≈......#


You could see a troll, 2 wolves, 3 hounds and a friendly hellwing.

Vanquished Creatures
  A yak (D:7)
  A hog (D:7)
  A human (D:7)
  Menkaure (D:6)
  2 orc warriors
  An ogre (D:7)
  2 sky beasts (D:7)
  A phantom (D:7)
  2 ice beasts (D:5)
  2 centaurs
  3 giant frogs
  2 scorpions
  2 electric eels
  4 jellies
  4 crimson imps
  2 hounds
  The ghost of asdu the Scratcher, a weakling FeCK of Xom (D:3)
  An orc priest (D:6)
  3 orc wizards
  A giant frog skeleton (D:7)
  A giant frog zombie (D:5)
  2 worker ants
  2 sheep (D:7)
  3 adders
  7 gnolls (D:6)
  2 oozes
  4 worms
  3 giant geckos
  26 orcs
  7 bats
  9 giant cockroaches
  7 hobgoblins
  13 jackals
  7 kobolds
  5 quokkas
  A ball python (D:2)
  A giant gecko zombie (D:7)
  6 giant newts
  5 goblins
  A quokka skeleton (D:4)
  10 rats
159 creatures vanquished.

Vanquished Creatures (collateral kills)
  Joseph (D:7)
  An eye of draining (D:6)
  An ogre (D:7)
  A worker ant (D:6)
  A gnoll (D:6)
5 creatures vanquished.

Grand Total: 164 creatures vanquished

Notes
Turn   | Place    | Note
--------------------------------------------------------------
     0 | D:1      | Goblin1989 the Vine Stalker Monk began the quest for the Orb.
     0 | D:1      | Reached XP level 1. HP: 11/11 MP: 2/2
   198 | D:1      | Reached XP level 2. HP: 16/16 MP: 3/3
   404 | D:3      | Reached XP level 3. HP: 19/19 MP: 4/4
   413 | D:3      | Noticed asdu's ghost (weakling FeCK)
   611 | D:5      | Entered Level 5 of the Dungeon
   665 | D:4      | Noticed a giant frog
   679 | D:4      | Killed a giant frog
   679 | D:4      | Reached skill level 5 in Unarmed Combat
   679 | D:4      | Reached XP level 4. HP: 16/23 MP: 3/5
   735 | D:4      | Found a staircase to the Ecumenical Temple.
   744 | Temple   | Entered the Ecumenical Temple
   784 | Temple   | Became a worshipper of Makhleb the Destroyer
   784 | Temple   | Reached * piety under Makhleb
   784 | Temple   | Reached ** piety under Makhleb
  1083 | D:3      | Killed asdu's ghost
  1083 | D:3      | Reached XP level 5. HP: 15/27 MP: 1/6
  1266 | D:3      | Reached skill level 1 in Invocations
  1439 | D:2      | Found a deep blue altar of Sif Muna.
  1764 | D:2      | Reached *** piety under Makhleb
  2688 | D:4      | Reached skill level 6 in Unarmed Combat
  2726 | D:4      | Gained mutation: You heal very quickly. [Vine Stalker growth]
  2726 | D:4      | Reached XP level 6. HP: 32/32 MP: 8/8
  2808 | D:4      | Noticed a scorpion
  2833 | D:4      | Killed a scorpion
  2909 | D:4      | Reached skill level 5 in Stealth
  2993 | D:4      | Noticed bollicks1999's ghost (amateur DrBe)
  3039 | D:5      | Noticed an ice beast
  3056 | D:5      | Killed an ice beast
  3085 | D:5      | Found an iron altar of Okawaru.
  3089 | D:5      | Found an opulent altar of Gozag.
  3089 | D:5      | Found an ancient bone altar of Kikubaaqudgha.
  3089 | D:5      | Found a shadowy altar of Dithmenos.
  3098 | D:5      | Reached XP level 7. HP: 25/35 MP: 9/9
  3250 | D:5      | Reached **** piety under Makhleb
  3335 | D:5      | Noticed a centaur
  3346 | D:5      | Killed a centaur
  3346 | D:5      | Reached skill level 7 in Unarmed Combat
  3391 | D:5      | Noticed an ice beast
  3415 | D:5      | Killed an ice beast
  3813 | D:5      | You fall through a shaft!
  3931 | D:6      | Gained mutation: You have razor-sharp teeth. [Vine Stalker growth]
  3931 | D:6      | Reached XP level 8. HP: 39/39 MP: 11/11
  3938 | D:6      | Found a deep blue altar of Sif Muna.
  4058 | D:6      | Found a radiant altar of Vehumet.
  4162 | D:6      | Got a wavering silver ring
  4163 | D:6      | Identified the ring "Wushrarph" {Fire rPois Dex+4 Slay+2 Stlth+} (You found it on level 6 of the Dungeon)
  4164 | D:6      | Found a shattered altar of Ashenzari.
  4289 | D:6      | Reached skill level 8 in Unarmed Combat
  4326 | D:6      | Noticed Menkaure
  4327 | D:6      | Found a glowing silver altar of Zin.
  4347 | D:6      | Killed Menkaure
  4762 | D:6      | Found a glowing golden altar of the Shining One.
  5036 | D:7      | Found Sikhlu's Antique Weapon Boutique.
  5064 | D:7      | Found Opsuo's Distillery.
  5067 | D:7      | Bought a potion of curing for 39 gold pieces
  5067 | D:7      | Bought a potion of mutation for 32 gold pieces
  5067 | D:7      | Bought a potion of degeneration for 13 gold pieces
  5067 | D:7      | Bought a potion of might for 52 gold pieces
  5067 | D:7      | Bought a potion of poison for 13 gold pieces
  5067 | D:7      | Bought a potion of lignification for 39 gold pieces
  5069 | D:7      | Gained mutation: You are frail (-10% HP). [potion of mutation]
  5069 | D:7      | Gained mutation: You regenerate. [potion of mutation]
  5069 | D:7      | Lost mutation: You regenerate. [potion of mutation]
  5070 | D:7      | Gained mutation: You can translocate small distances at will. [potion of mutation]
  5070 | D:7      | Gained mutation: You passively map a small area around you. [potion of mutation]
  5070 | D:7      | Gained mutation: You are agile. (Dex +2) [potion of mutation]
  5072 | D:7      | Noticed Joseph
  5090 | D:7      | Killed Joseph
  5090 | D:7      | Reached skill level 9 in Unarmed Combat
  5095 | D:7      | Found Enwet's Gadget Shoppe.
  5174 | D:7      | Reached XP level 9. HP: 38/40 MP: 10/13
  5216 | D:7      | Found a shadowy altar of Dithmenos.
  5249 | D:7      | Found Pidwaici's Distillery.
  5505 | D:7      | Reached skill level 10 in Unarmed Combat
  5763 | D:7      | Found an iron altar of Okawaru.
  5778 | D:7      | Found Luykocia's Distillery.
  6019 | D:8      | HP: 2/41 [wolf (4)]
  6019 | D:8      | Slain by a wolf

Action                   |  1- 3 |  4- 6 |  7- 9 || total
-------------------------+-------+-------+-------++-------
Melee: Unarmed           |    88 |   234 |   257 ||   579
Invok: Lesser Servant of |       |       |     8 ||     8
  Use: Potion            |       |       |     3 ||     3
 Stab: Sleeping          |     6 |    10 |    13 ||    29
       Distracted        |       |       |     1 ||     1
  Eat: Chunk             |       |     7 |     9 ||    16
